[Event "Thursday 11 January Rapid Engine Tour 12+1 Rounds 9 Starts 1600 ST"]
[Site "Infinity Chess"]
[Date "2018.1.11"]
[Round "9"]
[White "THE_MACHINE"]
[Black "ocirema"]
[Result "1/2-1/2"]
[ECO "C50"]
[WhiteElo "2489"]
[BlackElo "2408"]
[WhiteEngine "Houdini 6"]
[BlackEngine "stockfish_18010422_x64_modern_CTG"]
[EventType "Swiss"]
[WhiteTeam ""]
[BlackTeam ""]
[PlyCount "113"]
[TimeControl "720+1"]

1. e4 e5 2. Nf3 Nc6 3. Bc4 Bc5 4. O-O Nf6 5. d3 d6 6. c3 a5 7. Re1 O-O 
8. Nbd2 h6 9. h3 Be6 10. a4 Ba7 11. b3 d5 12. exd5 Nxd5 13. Ne4 Re8 14. Bd2 Nf6 
15. Qe2 Qe7 16. Rab1 Rad8 17. Bb5 Bd5 18. c4 Bxe4 19. dxe4 Rxd2 20. Qxd2 Rd8 
21. Qe2 Nd4 22. Nxd4 Rxd4 23. c5 Bxc5 24. Bd3 g6 25. Qc2 Kg7 26. Rbd1 Rb4 
27. g3 c6 28. Kh2 h5 29. Kg2 h4 30. Rf1 Bd4 31. Rb1 Ba7 32. Rbc1 Qd7 
33. Rcd1 Qe6 34. Bc4 Qe7 35. Bd3 Qd7 36. Bc4 Bd4 37. Be2 Qe7 38. Rb1 Nd7 
39. Bd3 Qg5 40. Qe2 Nc5 41. Bc4 f5 42. exf5 Qxf5 43. f4 b5 44. axb5 cxb5 
45. fxe5 Qxe5 46. Qxe5+ Bxe5 47. Rbe1 Bxg3 48. Re7+ Kh6 49. Bf7 Nd3 50. Rf6 Nf4+ 
51. Kf3 a4 52. bxa4 Rxa4 53. Rb7 Ra3+ 54. Kg4 Ra4 55. Kf3 Ra3+ 56. Ke4 Ra4+ 
57. Kf3 1/2-1/2

[Event "Thursday 11 January Rapid Engine Tour 12+1 Rounds 9 Starts 1600 ST"]
[Site "Infinity Chess"]
[Date "2018.1.11"]
[Round "9"]
[White "MarioDeMonti"]
[Black "angriff"]
[Result "1/2-1/2"]
[ECO "B00"]
[WhiteElo "2401"]
[BlackElo "2410"]
[WhiteEngine "stockfish_x64_bmi2_2018_01_01_CTG"]
[BlackEngine "SF_64BIT_POPCNT_CTG"]
[EventType "Swiss"]
[WhiteTeam ""]
[BlackTeam ""]
[PlyCount "182"]
[TimeControl "720+1"]

1. e4 Nc6 2. Nf3 e5 3. Bc4 Bc5 4. c3 Nf6 5. d3 d6 6. O-O O-O 7. Bg5 a5 8. a4 h6 
9. Bh4 g5 10. Bg3 Kg7 11. Nbd2 Ba7 12. Nb3 Ne7 13. Nxa5 Ng6 14. Qd2 g4 
15. Nh4 Nxh4 16. Bxh4 Nxe4 17. Bxd8 Nxd2 18. Bxc7 Nxf1 19. Kxf1 Bb8 20. Bb6 Ba7 
21. Bc7 Bb8 22. Bb6 Re8 23. b4 Re7 24. Bd8 Rd7 25. Bh4 Rc7 26. Bd8 Rd7 
27. Bh4 d5 28. Bb5 b6 29. Bxd7 Bxd7 30. Nb3 Rxa4 31. Rxa4 Bxa4 32. Nc1 f5 
33. Bd8 b5 34. d4 exd4 35. cxd4 Bd6 36. Nd3 Bb3 37. Nc5 Bc4+ 38. Ke1 Kg6 
39. g3 f4 40. Kd2 fxg3 41. hxg3 h5 42. Kc3 Kf5 43. Bh4 Bf1 44. Nb3 Bh3 
45. Nc5 Bg2 46. Nb7 Bf8 47. Nc5 Bh3 48. Bd8 Bf1 49. Bh4 Be2 50. Bd8 Bc4 
51. Nd7 Bg7 52. Nc5 Bf8 53. Bh4 Bf1 54. Bd8 Bh3 55. Bh4 Bd6 56. Kb3 Bf8 
57. Kc3 Bf1 58. Bd8 Be2 59. Kd2 Bf3 60. Kc3 Be2 61. Kb2 Bg7 62. Kc3 Bh8 
63. Be7 Bg7 64. Bh4 Bd1 65. Bd8 Bf3 66. Bh4 Bd1 67. Be7 Bh8 68. Bd8 Kg6 
69. Ne6 Kf5 70. Nc5 Bg7 71. Bh4 Bh6 72. Bd8 Bg7 73. Be7 Bh6 74. Bd8 Be2 
75. Be7 Bc4 76. Bd8 Bg7 77. Bh4 Bf1 78. Bd8 Bc4 79. Bh4 Bf1 80. Bd8 Bh3 
81. Nb3 Kg6 82. Bh4 Bh6 83. Bd8 Bf1 84. Nc5 Bc4 85. Be7 Bg7 86. Bh4 Bf1 
87. Bd8 Bf8 88. Nb3 Bc4 89. Nc5 Kh6 90. Ne6 Bd6 91. Bg5+ Kh7 1/2-1/2

[Event "Thursday 11 January Rapid Engine Tour 12+1 Rounds 9 Starts 1600 ST"]
[Site "Infinity Chess"]
[Date "2018.1.11"]
[Round "9"]
[White "IronMan"]
[Black "miguello"]
[Result "1/2-1/2"]
[ECO "A04"]
[WhiteElo "2417"]
[BlackElo "2408"]
[WhiteEngine "Stockfish SL FA PB BMI2"]
[BlackEngine "asmFishW_2017-11-19_popcnt_CTG"]
[EventType "Swiss"]
[WhiteTeam ""]
[BlackTeam ""]
[PlyCount "113"]
[TimeControl "720+1"]

1. Nf3 c5 2. e4 d6 3. Nc3 Nc6 4. d4 cxd4 5. Nxd4 Nf6 6. Bg5 e6 7. Qd2 a6 
8. O-O-O Bd7 9. f4 b5 10. Bxf6 gxf6 11. Kb1 Qb6 12. Nf3 b4 13. Ne2 a5 14. f5 Qc5 
15. Nf4 a4 16. g3 Bh6 17. Qxd6 Qxd6 18. Rxd6 Ke7 19. Rd1 Rhd8 20. fxe6 fxe6 
21. Bc4 Na5 22. Rxd7+ Rxd7 23. Bxe6 Rd6 24. Bd5 Rf8 25. Re1 Bxf4 26. gxf4 Kd7 
27. f5 Nc6 28. Re3 Kc7 29. c3 Rb8 30. Kc1 bxc3 31. Rxc3 Kd7 32. a3 Ne7 
33. Bc4 Nc6 34. Be6+ Ke8 35. Bd5 Ne7 36. Be6 Nc6 37. Bd5 Ne7 38. Be6 Rc6 
39. Bc4 Rcb6 40. b4 axb3 41. Kb2 h5 42. h4 Rd6 43. Rxb3 Rxb3+ 44. Kxb3 Rb6+ 
45. Kc3 Rb1 46. a4 Kd8 47. Bf7 Nc6 48. Bxh5 Rc1+ 49. Kb3 Ke7 50. Nd2 Rh1 
51. Nf3 Rc1 52. Nd2 Nd4+ 53. Kb4 Nc6+ 54. Kb5 Nd4+ 55. Kb4 Nc6+ 56. Kb5 Nd4+ 
57. Kb4 1/2-1/2

[Event "Thursday 11 January Rapid Engine Tour 12+1 Rounds 9 Starts 1600 ST"]
[Site "Infinity Chess"]
[Date "2018.1.11"]
[Round "9"]
[White "KULLANI"]
[Black "MGR"]
[Result "1/2-1/2"]
[ECO "C42"]
[WhiteElo "2422"]
[BlackElo "2482"]
[WhiteEngine "BrainFish_180106_x64_CTG"]
[BlackEngine "asmFishW_2017-11-19_bmi2"]
[EventType "Swiss"]
[WhiteTeam ""]
[BlackTeam ""]
[PlyCount "83"]
[TimeControl "720+1"]

1. e4 e5 2. Nf3 Nf6 3. Nxe5 d6 4. Nf3 Nxe4 5. d4 d5 6. Bd3 Bb4+ 7. c3 Bd6 
8. O-O O-O 9. c4 c6 10. Re1 Bf5 11. Qb3 Qd7 12. Nc3 Nxc3 13. Bxf5 Qxf5 
14. bxc3 b6 15. cxd5 cxd5 16. Qb5 Qd7 17. a4 Qxb5 18. axb5 a5 19. bxa6 Nxa6 
20. Ba3 Bxa3 21. Rxa3 Nc7 22. Rb3 b5 23. Kf1 f6 24. Rc1 Rfe8 25. Ne1 Kf7 
26. Nc2 g5 27. g3 h5 28. Nb4 Re6 29. Rbb1 Ree8 30. Ra1 Ra4 31. Re1 Rxe1+ 
32. Rxe1 Ra3 33. Re3 Rb3 34. Kg2 Rb1 35. Re2 Rc1 36. Re3 Rb1 37. h3 Rb3 
38. h4 gxh4 39. gxh4 Rb1 40. Re2 Rb3 41. Re3 Rb1 42. Re2 1/2-1/2

[Event "Thursday 11 January Rapid Engine Tour 12+1 Rounds 9 Starts 1600 ST"]
[Site "Infinity Chess"]
[Date "2018.1.11"]
[Round "9"]
[White "Gilgamesch"]
[Black "SkyPilot"]
[Result "1/2-1/2"]
[ECO "B90"]
[WhiteElo "2502"]
[BlackElo "2457"]
[WhiteEngine "BrainFish_171005_x64_bmi2"]
[BlackEngine "stockfish_x64_bmi2_2018_01_01_CTG"]
[EventType "Swiss"]
[WhiteTeam ""]
[BlackTeam ""]
[PlyCount "85"]
[TimeControl "720+1"]

1. e4 c5 2. Nf3 d6 3. d4 cxd4 4. Nxd4 Nf6 5. Nc3 a6 6. Be3 e5 7. Nb3 Be6 
8. f3 h5 9. Be2 Nbd7 10. Nd5 Bxd5 11. exd5 g6 12. Qd2 Bg7 13. O-O b6 14. h3 O-O 
15. Rfc1 Re8 16. Rab1 Kh7 17. Kh2 e4 18. f4 Ng4+ 19. Bxg4 hxg4 20. Rh1 gxh3 
21. Nd4 Rh8 22. Nc6 Qc7 23. Kg1 f5 24. Rxh3+ Kg8 25. a4 Nf6 26. Qb4 b5 
27. axb5 axb5 28. Qxb5 Rxh3 29. gxh3 Qf7 30. c4 g5 31. fxg5 Nh5 32. c5 Bf8 
33. cxd6 Bxd6 34. Nd4 f4 35. Qc6 Rd8 36. Rf1 Qe7 37. Bxf4 Nxf4 38. Rxf4 Bxf4 
39. Qg6+ Kh8 40. Qh6+ Kg8 41. Qg6+ Kh8 42. Qh6+ Kg8 43. Qg6+ 1/2-1/2

[Event "Thursday 11 January Rapid Engine Tour 12+1 Rounds 9 Starts 1600 ST"]
[Site "Infinity Chess"]
[Date "2018.1.11"]
[Round "9"]
[White "xeonrocks"]
[Black "hafaba"]
[Result "1-0"]
[ECO "B00"]
[WhiteElo "2515"]
[BlackElo "2444"]
[WhiteEngine "asmFishW_CTG"]
[BlackEngine "Stockfish SL 07012018 POPCNT_CTG"]
[EventType "Swiss"]
[WhiteTeam ""]
[BlackTeam ""]
[PlyCount "265"]
[TimeControl "720+1"]

1. e4 Nc6 2. d4 d5 3. e5 Bf5 4. c3 e6 5. Nf3 f6 6. Bb5 Nge7 7. exf6 gxf6 
8. Nh4 Bg6 9. O-O Qd7 10. Nd2 Nf5 11. Ndf3 O-O-O 12. Nxf5 Bxf5 13. Nh4 Be4 
14. Bf4 a6 15. Ba4 Bd6 16. f3 Bg6 17. Qd2 Be8 18. Rae1 Bxf4 19. Qxf4 Qf7 
20. Rf2 Na5 21. Bc2 Bd7 22. Qh6 Rhe8 23. Rfe2 Kb8 24. g3 Bb5 25. Rf2 Re7 
26. b3 Be8 27. f4 Nc6 28. Nf3 Bd7 29. a4 a5 30. Bd3 Rde8 31. Kg2 Rg8 32. Nh4 Rd8 
33. Re3 Bc8 34. Be2 Rd6 35. Nf3 Rd8 36. Nh4 Rd6 37. Nf3 Rd8 38. Bb5 Na7 
39. Bd3 Nc6 40. h3 Rf8 41. Rfe2 Rd8 42. Rf2 Rf8 43. Rfe2 Rd8 44. g4 Rd6 
45. Rf2 Qe8 46. Qh4 Qh8 47. Re1 Rf7 48. Kh2 Rd8 49. Qh6 Rd6 50. Rff1 Rd8 
51. Nh4 Qg8 52. f5 e5 53. Bb5 Rd6 54. Qd2 e4 55. Qh6 b6 56. Ng2 Qd8 57. Qf4 Qe7 
58. Ne3 Na7 59. Be2 Bb7 60. Rb1 Nc6 61. Nc2 Rg7 62. b4 Kc8 63. h4 h6 64. Kh3 Rh7 
65. Bb5 Rd8 66. Rg1 Qd6 67. Qxd6 Rxd6 68. Kg3 axb4 69. cxb4 Ne7 70. Ne3 Bc6 
71. Bxc6 Nxc6 72. Rgd1 Kb7 73. b5 Na5 74. Rdc1 Re7 75. Kf4 Rd8 76. Rb2 Rf7 
77. Rbc2 Nb3 78. Rd1 Na5 79. Rdc1 Nb3 80. Rd1 Na5 81. Rc3 Rfd7 82. Rdc1 Rg7 
83. Rb1 Rgd7 84. Nc2 Nc4 85. Nb4 e3 86. Re1 Rf8 87. Re2 Kb8 88. Nxd5 Na5 
89. Nxf6 Rxf6 90. g5 Rfd6 91. Rcxe3 Rxd4+ 92. Re4 hxg5+ 93. hxg5 Rd1 
94. Re1 R1d2 95. g6 Kb7 96. R4e2 R2d4+ 97. Kg5 Rd3 98. Re4 Rf3 99. R4e3 Rf2 
100. R3e2 Rf3 101. Kg4 Ra3 102. f6 Rdd3 103. f7 Rg3+ 104. Kh4 Rh3+ 
105. Kg5 Rag3+ 106. Kf6 Rh6 107. Ke7 Rhxg6 108. f8=Q Rg7+ 109. Ke6 Rg8 
110. Qe7 Nb3 111. Kd5 Rc3 112. Re3 Rc5+ 113. Ke4 Na5 114. Kf4 Rc4+ 115. Kf3 Rc5 
116. Qh7 Rgg5 117. Re8 Rcf5+ 118. Ke4 Nc4 119. Kd3 Rc5 120. Qh8 Rgd5+ 
121. Ke2 Re5+ 122. Kf2 Rf5+ 123. Kg3 Rg5+ 124. Kh4 Rh5+ 125. Qxh5 Rxh5+ 
126. Kxh5 Nd6 127. Rf8 Nf5 128. Rxf5 Kc8 129. Rf7 Kd8 130. Rd1+ Kc8 
131. Rf8+ Kb7 132. Rd7 Ka7 133. Rxc7# 1-0

[Event "Thursday 11 January Rapid Engine Tour 12+1 Rounds 9 Starts 1600 ST"]
[Site "Infinity Chess"]
[Date "2018.1.11"]
[Round "9"]
[White "Vimtiroba"]
[Black "Klaus"]
[Result "1/2-1/2"]
[ECO "D02"]
[WhiteElo "2467"]
[BlackElo "2439"]
[WhiteEngine "AsmFish@J10V2_CTG"]
[BlackEngine "asmFishW_2017-11-19_bmi2_CTG"]
[EventType "Swiss"]
[WhiteTeam ""]
[BlackTeam ""]
[PlyCount "64"]
[TimeControl "720+1"]

1. d4 d5 2. Nf3 Nf6 3. c4 e6 4. g3 Bb4+ 5. Bd2 Be7 6. Bg2 O-O 7. O-O c6 
8. Qc2 Nbd7 9. Rc1 b6 10. cxd5 cxd5 11. Nc3 Bb7 12. Bf4 Rc8 13. Qd1 Nb8 
14. Bxb8 Rxb8 15. e3 Rc8 16. Qb3 Qd6 17. Bf1 Ne4 18. Nb5 Qb8 19. a4 g6 
20. Bd3 Rfd8 21. Ne5 Nf6 22. Qd1 a6 23. Nc3 Kg7 24. Qf1 Qa8 25. f4 h5 
26. f5 exf5 27. Bxf5 gxf5 28. Qxf5 Rg8 29. Qg5+ Kh7 30. Qf5+ Kg7 31. Qg5+ Kh7 
32. Qf5+ Kg7 1/2-1/2

[Event "Thursday 11 January Rapid Engine Tour 12+1 Rounds 9 Starts 1600 ST"]
[Site "Infinity Chess"]
[Date "2018.1.11"]
[Round "9"]
[White "NINJA_JENGKA"]
[Black "Susanne"]
[Result "1/2-1/2"]
[ECO "A06"]
[WhiteElo "2435"]
[BlackElo "2484"]
[WhiteEngine "Houdini 6_CTG"]
[BlackEngine "asmFishW_20_bmi2_CTG"]
[EventType "Swiss"]
[WhiteTeam ""]
[BlackTeam ""]
[PlyCount "123"]
[TimeControl "720+1"]

1. Nf3 d5 2. d4 Nf6 3. c4 e6 4. Nc3 c6 5. e3 Nbd7 6. Qc2 Bd6 7. Bd3 dxc4 
8. Bxc4 O-O 9. O-O a6 10. e4 e5 11. h3 b5 12. Be2 Re8 13. Be3 exd4 14. Nxd4 Qc7 
15. Rad1 b4 16. Na4 c5 17. Nf5 Bh2+ 18. Kh1 Nxe4 19. g3 Ndf6 20. Nh6+ gxh6 
21. Kxh2 Bf5 22. Bd3 Rac8 23. b3 Qc6 24. Nxc5 Ng5 25. Bxg5 Bxh3 26. Kxh3 hxg5 
27. Rde1 Qxc5 28. Bxh7+ Kg7 29. Qxc5 g4+ 30. Kg2 Rxc5 31. Bd3 a5 32. Rd1 Rd8 
33. Bc4 Rd7 34. Rfe1 Rxd1 35. Rxd1 Re5 36. Rd6 Rc5 37. Rd4 Kg6 38. Rd8 Kg7 
39. f3 Re5 40. Rd4 gxf3+ 41. Kxf3 Rf5+ 42. Rf4 Rg5 43. g4 Rc5 44. Rd4 Rg5 
45. Bd3 Rd5 46. Rxd5 Nxd5 47. Ke4 Nc3+ 48. Kd4 Nxa2 49. g5 Nc1 50. Bc4 Kf8 
51. Kc5 Kg7 52. Kd4 Kf8 53. Kc5 Ke7 54. Kb5 f5 55. Kxa5 Na2 56. Kb6 Kf8 
57. Ka5 Kg7 58. Bd3 Kg6 59. Bb1 Nc3 60. Bd3 Kxg5 61. Kxb4 Ne4 62. Bb5 1/2-1/2

[Event "Thursday 11 January Rapid Engine Tour 12+1 Rounds 9 Starts 1600 ST"]
[Site "Infinity Chess"]
[Date "2018.1.11"]
[Round "9"]
[White "Wolle"]
[Black "Marsell"]
[Result "1/2-1/2"]
[ECO "C55"]
[WhiteElo "2471"]
[BlackElo "2491"]
[WhiteEngine "Raubfisch X37a2_CTG"]
[BlackEngine "asmFishW_2018-01-11_popcnt"]
[EventType "Swiss"]
[WhiteTeam ""]
[BlackTeam ""]
[PlyCount "96"]
[TimeControl "720+1"]

1. e4 e5 2. Nf3 Nc6 3. Bc4 Nf6 4. d3 Bc5 5. c3 d6 6. O-O O-O 7. h3 a6 8. Re1 Ba7 
9. a4 h6 10. Nbd2 Re8 11. b4 Be6 12. Bxe6 Rxe6 13. Qc2 Qd7 14. Rb1 Ree8 
15. Nf1 b5 16. Bd2 d5 17. Ng3 Rad8 18. Rbc1 Re6 19. Nf5 Ne7 20. c4 Nxf5 
21. exf5 Re7 22. d4 Bxd4 23. cxb5 axb5 24. a5 Ne4 25. Nxd4 exd4 26. f6 Re6 
27. f3 Nxd2 28. Qxd2 Rxf6 29. Qxd4 c6 30. Re5 Re6 31. Rxe6 Qxe6 32. f4 Re8 
33. Qc3 Qc8 34. Qd4 Re4 35. Qb6 Re2 36. Kh1 Qe6 37. a6 Ra2 38. a7 Ra3 
39. Qb8+ Kh7 40. a8=Q Rxh3+ 41. gxh3 Qxh3+ 42. Kg1 Qg3+ 43. Kf1 Qf3+ 
44. Ke1 Qe3+ 45. Kd1 Qd3+ 46. Ke1 Qe3+ 47. Kd1 Qd3+ 48. Ke1 Qe3+ 1/2-1/2

[Event "Thursday 11 January Rapid Engine Tour 12+1 Rounds 9 Starts 1600 ST"]
[Site "Infinity Chess"]
[Date "2018.1.11"]
[Round "8"]
[White "Zor"]
[Black "Syed_Ali"]
[Result "1/2-1/2"]
[ECO "E40"]
[WhiteElo "2443"]
[BlackElo "2425"]
[WhiteEngine "Cryptic Heroes AI V4"]
[BlackEngine "stockfish_17111816_x64_bmi2"]
[EventType "Swiss"]
[WhiteTeam ""]
[BlackTeam ""]
[PlyCount "138"]
[TimeControl "720+1"]

1. d4 Nf6 2. c4 e6 3. Nc3 Bb4 4. e3 O-O 5. Bd3 d5 6. Nf3 dxc4 7. Bxc4 c5 
8. O-O cxd4 9. exd4 b6 10. Qe2 Nc6 11. Rd1 Na5 12. Bd3 Bb7 13. Ne5 Be7 
14. Qe3 Nd5 15. Qh3 f5 16. Bb5 Qd6 17. Qg3 Bf6 18. Bd2 Rfd8 19. Rac1 Rac8 
20. Bg5 Bxg5 21. Qxg5 Nf6 22. Qd2 a6 23. Be2 Rc7 24. h3 Rdc8 25. Bf1 Rd8 
26. b3 h6 27. Qe1 Nc6 28. Nc4 Qe7 29. d5 exd5 30. Nxb6 Ne5 31. Nc4 Nxc4 
32. Qxe7 Rxe7 33. Bxc4 g6 34. Bd3 Kf7 35. h4 Ng4 36. Na4 Ne5 37. h5 d4 
38. Nc5 a5 39. f3 Rd6 40. Kf2 Nxd3+ 41. Rxd3 Bc6 42. hxg6+ Kxg6 43. Rd2 Bb5 
44. a4 Be8 45. Nd3 Bf7 46. Rc5 Bxb3 47. Rxa5 Rc7 48. Nf4+ Kf6 49. Nh5+ Kg6 
50. Nf4+ Kf6 51. Nh5+ Kg6 52. Ng3 Be6 53. Ne2 Rc4 54. Nf4+ Kf6 55. g3 Rc3 
56. Rb5 Ra3 57. a5 Bd7 58. Rb6 Rxb6 59. axb6 Bc6 60. Rxd4 Rxf3+ 61. Ke1 Ke5 
62. Rd8 Rxg3 63. Nd3+ Ke4 64. Nc5+ Ke3 65. Rd3+ Kf4 66. Ne6+ Kg4 67. Rxg3+ Kxg3 
68. Nd4 Be4 69. Nxf5+ Kf4 1/2-1/2

[Event "Thursday 11 January Rapid Engine Tour 12+1 Rounds 9 Starts 1600 ST"]
[Site "Infinity Chess"]
[Date "2018.1.11"]
[Round "8"]
[White "Thinker"]
[Black "KillBill2017"]
[Result "1/2-1/2"]
[ECO "C55"]
[WhiteElo "2454"]
[BlackElo "2406"]
[WhiteEngine "BrainFish_180106_x64_modern_CTG"]
[BlackEngine "Raubfisch ME262_GTZ16b1._CTG"]
[EventType "Swiss"]
[WhiteTeam ""]
[BlackTeam ""]
[PlyCount "173"]
[TimeControl "720+1"]

1. e4 e5 2. Nf3 Nc6 3. Bc4 Nf6 4. d3 Bc5 5. c3 d6 6. O-O O-O 7. h3 Bb6 8. a4 a5 
9. Nbd2 h6 10. Re1 Be6 11. b3 d5 12. Bb5 Ne7 13. exd5 Nfxd5 14. Qc2 c6 
15. Bc4 Ng6 16. d4 Ndf4 17. dxe5 Nh4 18. Bf1 Bd5 19. Re4 Nfg6 20. Bc4 Bxe4 
21. Qxe4 Nxf3+ 22. Nxf3 Qd1+ 23. Kh2 Kh8 24. Bb2 f5 25. Qxc6 bxc6 26. Rxd1 Rfd8 
27. Re1 Bxf2 28. Rf1 Bc5 29. Bc1 Ne7 30. h4 Nd5 31. h5 Nxc3 32. Nh4 Rd1 
33. Rxd1 Nxd1 34. Nxf5 Kh7 35. Bd3 Kg8 36. Kg3 Nc3 37. Bb2 Nd5 38. Kf3 Rb8 
39. Bc4 Kh7 40. e6 g6 41. hxg6+ Kxg6 42. Ke4 h5 43. Nh4+ Kh7 44. Bxd5 cxd5+ 
45. Kxd5 Be7 46. Nf5 Rxb3 47. Bd4 Bb4 48. e7 Bxe7 49. Nxe7 Ra3 50. Kc5 Rxa4 
51. Nd5 Kg6 52. g3 Kf5 53. Ne3+ Ke4 54. Nc4 Ra2 55. Bf6 Rg2 56. Bh4 a4 
57. Kb5 Kf3 58. Kxa4 Ra2+ 59. Kb4 Kg4 60. Kc3 Ra1 61. Kd2 Rb1 62. Kd3 Ra1 
63. Kd4 Kf3 64. Ne5+ Kg2 65. Ke4 Ra4+ 66. Kd3 Ra1 67. Nc4 Kf3 68. Nd2+ Kg4 
69. Ke4 Ra2 70. Nf1 Ra4+ 71. Ke3 Ra3+ 72. Ke2 Ra2+ 73. Kd3 Ra1 74. Ke2 Ra2+ 
75. Ke1 Kf3 76. Nd2+ Kg4 77. Ke2 Rc2 78. Ke3 Rc1 79. Kf2 Rc2 80. Ke3 Rc1 
81. Ne4 Re1+ 82. Kd3 Ra1 83. Nf6+ Kf3 84. Nxh5 Kg4 85. Nf4 Ra3+ 86. Kc2 Ra5 
87. Ne2 1/2-1/2

[Event "Thursday 11 January Rapid Engine Tour 12+1 Rounds 9 Starts 1600 ST"]
[Site "Infinity Chess"]
[Date "2018.1.11"]
[Round "8"]
[White "MedusaV2"]
[Black "CrapCleaner"]
[Result "1/2-1/2"]
[ECO "A00"]
[WhiteElo "2408"]
[BlackElo "2409"]
[WhiteEngine "corchess_1.8.1_x64"]
[BlackEngine "SugaR XPrO x64 BMI2_CTG"]
[EventType "Swiss"]
[WhiteTeam ""]
[BlackTeam ""]
[PlyCount "137"]
[TimeControl "720+1"]

1. a3 e5 2. c4 g6 3. b4 d6 4. Bb2 Nf6 5. d3 Bg7 6. Nd2 a5 7. g3 O-O 8. Bg2 d5 
9. Bxe5 Nc6 10. Bc3 d4 11. Bb2 axb4 12. Bxc6 bxc6 13. axb4 Rb8 14. Ngf3 c5 
15. O-O Nd7 16. b5 c6 17. bxc6 Rxb2 18. cxd7 Bxd7 19. Ra6 Qc7 20. Qa1 Rfb8 
21. Ra7 R2b7 22. Rxb7 Rxb7 23. Rb1 Rxb1+ 24. Qxb1 h6 25. Qa2 Bh3 26. Qa8+ Bf8 
27. Nb3 Kg7 28. Qd5 Qa7 29. Nfd2 Qe7 30. Qe4 Qc7 31. Qf3 Qd7 32. Qe4 Qc7 
33. Qe8 Be7 34. Qa8 h5 35. Qe4 g5 36. Nf3 Qa7 37. Kh1 Kh6 38. Ng1 Bg4 
39. Kg2 Kg7 40. Nf3 Bc8 41. Kf1 Qb7 42. Qxb7 Bxb7 43. Ne5 Bc8 44. Nd2 Bb7 
45. e3 dxe3 46. fxe3 Kf6 47. Nd7+ Ke6 48. Nb6 Bf8 49. Nb3 Bc6 50. d4 cxd4 
51. exd4 Bh1 52. Kg1 Be4 53. Nd2 Kf5 54. Kf2 Bb7 55. Nd5 Bxd5 56. cxd5 Kg6 
57. h3 f5 58. Kf3 Kf6 59. Nc4 Bb4 60. g4 fxg4+ 61. hxg4 h4 62. d6 Ke6 
63. Kg2 Bc3 64. Ne5 Bxd4 65. d7 Bb6 66. d8=Q Bxd8 67. Nf3 Bf6 68. Nxh4 gxh4 
69. Kh3 1/2-1/2

[Event "Thursday 11 January Rapid Engine Tour 12+1 Rounds 9 Starts 1600 ST"]
[Site "Infinity Chess"]
[Date "2018.1.11"]
[Round "8"]
[White "MarioDeMonti"]
[Black "THE_MACHINE"]
[Result "1/2-1/2"]
[ECO "C53"]
[WhiteElo "2397"]
[BlackElo "2493"]
[WhiteEngine "stockfish_x64_bmi2_2018_01_01_CTG"]
[BlackEngine "Houdini 6"]
[EventType "Swiss"]
[WhiteTeam ""]
[BlackTeam ""]
[PlyCount "130"]
[TimeControl "720+1"]

1. e4 e5 2. Nf3 Nc6 3. Bc4 Bc5 4. c3 Nf6 5. d3 d6 6. O-O O-O 7. Bg5 h6 8. Bh4 a6 
9. Nbd2 Ba7 10. Bb3 g5 11. Bg3 Na5 12. Ba4 Nh5 13. b4 Nxg3 14. hxg3 Nc6 
15. Bxc6 bxc6 16. Nb3 Re8 17. Qd2 Bg4 18. d4 exd4 19. Nfxd4 Qd7 20. Rfe1 c5 
21. Nc2 cxb4 22. Nxb4 Be6 23. Nd4 Bc5 24. Nbc2 a5 25. Ne3 Qd8 26. Re2 Bd7 
27. Qd3 h5 28. Rb1 g4 29. Rbe1 a4 30. Qd2 Rb8 31. Nd5 c6 32. Nb4 Bxb4 
33. cxb4 c5 34. Nc2 h4 35. bxc5 Bb5 36. Re3 dxc5 37. Qc3 Qg5 38. gxh4 Qxh4 
39. Qxc5 Re6 40. Qc7 Rbb6 41. Qg3 Qh5 42. Nd4 Rh6 43. f3 Bd7 44. fxg4 Qxg4 
45. Qxg4+ Bxg4 46. Rc1 Rhd6 47. Rc4 Rb1+ 48. Kh2 Bd7 49. a3 Rb2 50. Nf5 Rdd2 
51. Rg3+ Kf8 52. Rc5 Rb6 53. Rc7 Bxf5 54. exf5 Rd4 55. Rc8+ Ke7 56. Rf3 Kf6 
57. Rc5 Rb3 58. Rc6+ Kg5 59. Rc7 Rxf3 60. gxf3 Rd3 61. Rxf7 Rxf3 62. Kg2 Rxf5 
63. Rxf5+ Kxf5 64. Kf3 Kf6 65. Ke2 Ke5 1/2-1/2

[Event "Thursday 11 January Rapid Engine Tour 12+1 Rounds 9 Starts 1600 ST"]
[Site "Infinity Chess"]
[Date "2018.1.11"]
[Round "8"]
[White "RonWeasley"]
[Black "miguello"]
[Result "1/2-1/2"]
[ECO "A00"]
[WhiteElo "2429"]
[BlackElo "2407"]
[WhiteEngine "BrainFish 060118_CTG"]
[BlackEngine "asmFishW_2017-11-19_popcnt_CTG"]
[EventType "Swiss"]
[WhiteTeam ""]
[BlackTeam ""]
[PlyCount "98"]
[TimeControl "720+1"]

1. a3 e5 2. e3 d5 3. d4 exd4 4. exd4 Nf6 5. Nc3 Bd6 6. Nb5 Bf5 7. Nxd6+ Qxd6 
8. Qe2+ Kd7 9. Be3 Re8 10. O-O-O Ng4 11. Nh3 Nc6 12. Qf3 Nxe3 13. fxe3 Qe6 
14. Nf4 Qxe3+ 15. Qxe3 Rxe3 16. Nxd5 Re6 17. Bb5 a6 18. Rhf1 Bg6 19. Bd3 Bxd3 
20. Rxd3 Rf8 21. c3 Ne7 22. Nf4 Rh6 23. Rh3 Rxh3 24. Nxh3 Nc8 25. Nf4 Nd6 
26. Nh5 f6 27. Nxg7 Rg8 28. Nh5 Rxg2 29. Nxf6+ Kc6 30. h4 Nc4 31. b3 Ne3 
32. Rh1 Rc2+ 33. Kb1 Rxc3 34. Nxh7 Rxb3+ 35. Ka2 Rd3 36. h5 Rd2+ 37. Kb1 Kd5 
38. Nf6+ Kc4 39. Ne4 Rxd4 40. Ng5 Rd2 41. Ne4 Re2 42. h6 Kb3 43. Nc5+ Kxa3 
44. Nd3 Nd5 45. h7 Nc3+ 46. Kc1 Na2+ 47. Kb1 Nc3+ 48. Kc1 Na2+ 49. Kb1 Nc3+ 
1/2-1/2

[Event "Thursday 11 January Rapid Engine Tour 12+1 Rounds 9 Starts 1600 ST"]
[Site "Infinity Chess"]
[Date "2018.1.11"]
[Round "8"]
[White "ocirema"]
[Black "Satria_Ungu"]
[Result "1/2-1/2"]
[ECO "C55"]
[WhiteElo "2409"]
[BlackElo "2388"]
[WhiteEngine "stockfish_18010422_x64_modern_CTG"]
[BlackEngine "Houdini 6"]
[EventType "Swiss"]
[WhiteTeam ""]
[BlackTeam ""]
[PlyCount "149"]
[TimeControl "720+1"]

1. e4 e5 2. Nf3 Nc6 3. Bc4 Nf6 4. d3 Bc5 5. O-O O-O 6. Bb3 a6 7. c3 d6 
8. Nbd2 Ba7 9. h3 h6 10. Re1 Re8 11. Nf1 Be6 12. Bxe6 Rxe6 13. Be3 Bxe3 
14. Nxe3 Ne7 15. Qc2 c6 16. b4 d5 17. Reb1 Qd7 18. a4 Rd8 19. g3 Nc8 20. Rd1 Qc7 
21. c4 d4 22. Nf5 c5 23. b5 Kh7 24. Qd2 Ne7 25. Nxe7 Qxe7 26. Nh4 Ra8 27. Ng2 g5 
28. Ne1 a5 29. Nf3 Ne8 30. Qe2 Rg6 31. Kg2 b6 32. Rh1 h5 33. Kf1 Kg7 34. Ke1 Nd6 
35. Kd2 Rh8 36. Kc2 f6 37. Raf1 Qe6 38. Rfg1 Nf7 39. Nd2 Qd6 40. Qf1 Nd8 
41. Rg2 Ne6 42. h4 g4 43. f3 Kf7 44. fxg4 Rxg4 45. Rf2 Rh6 46. Rg1 Ke7 
47. Nf3 Rg8 48. Nh2 Rhg6 49. Rf5 Ng7 50. Rf3 Qd7 51. Qe2 Qe6 52. Qf2 Kd8 
53. Rf5 Qe7 54. Rf3 Kc7 55. g4 Ne6 56. Rfg3 Qg7 57. g5 fxg5 58. hxg5 Nxg5 
59. R3g2 Rf8 60. Qh4 Qf6 61. Qxh5 Rh6 62. Qe2 Nh3 63. Rg7+ Kb8 64. R1g2 Nf4 
65. Qg4 Qd6 66. Rf2 Nxd3 67. Rxf8+ Qxf8 68. Kxd3 Rxh2 69. Rg8 Rh3+ 70. Kc2 Rh2+ 
71. Kc1 Rh1+ 72. Kc2 Rh2+ 73. Kc1 Rh1+ 74. Kb2 Rh2+ 75. Kc1 1/2-1/2

[Event "Thursday 11 January Rapid Engine Tour 12+1 Rounds 9 Starts 1600 ST"]
[Site "Infinity Chess"]
[Date "2018.1.11"]
[Round "8"]
[White "CrossingJordan"]
[Black "IronMan"]
[Result "1/2-1/2"]
[ECO "C55"]
[WhiteElo "2410"]
[BlackElo "2417"]
[WhiteEngine "asmFishW_2017-12-20_bmi2_CTG"]
[BlackEngine "Stockfish SL FA PB BMI2"]
[EventType "Swiss"]
[WhiteTeam ""]
[BlackTeam ""]
[PlyCount "113"]
[TimeControl "720+1"]

1. e4 e5 2. Nf3 Nc6 3. Bc4 Nf6 4. d3 Bc5 5. O-O O-O 6. c3 d6 7. Nbd2 a5 
8. Re1 Be6 9. Bb5 Ne7 10. d4 c6 11. Ba4 Bb6 12. Bc2 Ng6 13. h3 Nh5 14. Nf1 Nhf4 
15. Ng3 exd4 16. Nxd4 Bxd4 17. Qxd4 Qg5 18. Qd1 d5 19. Qf3 Rad8 20. b3 Qh4 
21. Kf1 h6 22. Nf5 dxe4 23. Bxe4 Bxf5 24. Bxf5 Qf6 25. Bc2 Qd6 26. Qg3 Qf6 
27. Rb1 b5 28. Be4 Rfe8 29. Qf3 Re6 30. g3 Nxh3 31. Qxf6 Rxf6 32. f4 Ng5 
33. Bc2 Nf8 34. a4 Nf3 35. Re2 Re6 36. b4 axb4 37. Rxb4 bxa4 38. Rxe6 Nxe6 
39. Kf2 Nd2 40. Rxa4 Nc5 41. Rb4 Ndb3 42. Bxb3 Nd3+ 43. Ke3 Nxb4 44. cxb4 Rb8 
45. Bd2 c5 46. b5 Rxb5 47. Bc4 Rb1 48. f5 h5 49. Ke4 Rd1 50. Be3 Rh1 51. Bxc5 h4 
52. gxh4 Rxh4+ 53. Kd5 Rxc4 54. Kxc4 f6 55. Bg1 g6 56. fxg6 Kg7 57. Be3 1/2-1/2